 Dungeon Crawl Stone Soup version 0.19.5 (webtiles) character file.

655496 JeffiDaFish the Hoplite (level 27, -6/186 HPs)
             Began as a Gargoyle Fighter on Sept 2, 2017.
             Was the Champion of Okawaru.
             Killed by divine providence
             ... invoked by a daeva
              (15 damage)
             ... in Pandemonium.
             The game lasted 03:24:30 (54298 turns).

JeffiDaFish the Hoplite (Gargoyle Fighter)         Turns: 54298, Time: 03:24:31

Health: -6/186     AC: 69    Str: 30    XL:     27
Magic:  41/44      EV: 24    Int: 12    God:    Okawaru [******]
Gold:   5326       SH: 27    Dex: 31    Spells: 1 memorised, 48 levels left

rFire  + + .     SeeInvis .     Q - +7 morningstar "Xuebuvie" {freeze, Dex+4}
rCold  + + .     Gourm    .     t - +10 plate armour {rC+}
rNeg   + . .     Faith    .     s - +0 large shield "Wypluliw" {rPois Regen+ Str+4 Slay+3}
rPois  ∞         Spirit   .     G - +2 helmet of Moqih {rF+ Dex+4}
rElec  +         Reflect  .     y - +2 cloak {MR+}
rCorr  +         Harm     .     L - +2 pair of gloves {Dex+3}
MR     +++..                    U - +1 pair of boots "Pyurphubi" {Regen+ Int+4}
Stlth  ..........               q - amulet of regeneration
                                I - ring "Eschamer" {rPois rF+ rC+ MP+9}
                                M - ring of Zuloas {rCorr rPois Str+5}

@: about to teleport, finesse, flying, glowing
A: big wings, repulsion field 1, yellow scales 1, agile 1, deterioration 1,
dopey 1, low mp 1, negative energy resistance 1, screaming 1, shaggy fur 1,
electricity resistance, slow regeneration 1, weak 1, unbreathing, petrification
resistance, rot immunity, MP-powered wands, AC +20
a: Stop Flying, Heroism, Finesse, Renounce Religion
}: 4/15 runes: decaying, serpentine, silver, demonic


You were in Pandemonium.
You worshipped Okawaru.
Okawaru was exalted by your worship.
You were hungry.

You visited 9 branches of the dungeon, and saw 45 of its levels.
You visited Pandemonium 1 time, and saw 6 of its levels.
You visited the Abyss 1 time.
You visited 1 bazaar.
You also visited: Labyrinth, Sewer, Ossuary and Volcano.

You collected 8511 gold pieces.
You spent 3185 gold pieces at shops.

Inventory:

Hand Weapons
 l - a +6 eveningstar of holy wrath
 Q - the +7 morningstar "Xuebuvie" (weapon) {freeze, Dex+4}
   (Okawaru gifted it to you on level 13 of the Dungeon)

   It has been specially enchanted to freeze those struck by it, causing extra
   injury to most foes and up to half again as much damage against particularly
   susceptible opponents.
   It can also slow down cold-blooded creatures.
   It affects your dexterity (+4).
 S - the +8 eveningstar "Paloph" {drain, rF++}
   (Okawaru gifted it to you on level 3 of the Vaults)

   A truly terrible weapon, it drains the life of those it strikes.
   It greatly protects you from fire.
Armour
 s - the +0 large shield "Wypluliw" (worn) {rPois Regen+ Str+4 Slay+3}
   (You found it on level 4 of the Dungeon)

   It affects your strength (+4).
   It affects your accuracy and damage with ranged weapons and melee attacks
   (+3).
   It protects you from poison.
   It increases your rate of regeneration.
 t - a +10 plate armour of cold resistance (worn)
 y - a +2 cloak of magic resistance (worn)
 G - the +2 helmet of Moqih (worn) {rF+ Dex+4}
   (Okawaru gifted it to you on level 6 of the Lair of Beasts)

   It affects your dexterity (+4).
   It protects you from fire.
 L - a +2 pair of gloves of dexterity (worn)
 U - the +1 pair of boots "Pyurphubi" (worn) {Regen+ Int+4}
   (You found it on level 5 of the Vaults)

   It affects your intelligence (+4).
   It increases your rate of regeneration.
Jewellery
 b - an uncursed ring of see invisible
 n - the amulet of the Forgotten Seas {+Rage rN++ Int+3 Dex+5, unknown}
   (You took it off a seraph in Pandemonium)

   [amulet of rage]

   It affects your intelligence (+3).
   It affects your dexterity (+5).
   It greatly protects you from negative energy.
   It lets you go berserk.
 q - an amulet of regeneration (around neck)
 I - the ring "Eschamer" (right hand) {rPois rF+ rC+ MP+9}
   (You acquired it on level 5 of the Vaults)

   [ring of magical power]

   It protects you from fire.
   It protects you from cold.
   It protects you from poison.
   It affects your magic capacity (+9).
 M - the ring of Zuloas (left hand) {rCorr rPois Str+5}
   (You took it off a red devil in Pandemonium)

   [ring of resist corrosion]

   It affects your strength (+5).
   It protects you from poison.
Wands
 k - a wand of teleportation (5/9)
 V - a wand of teleportation (5/9)
Scrolls
 c - 4 scrolls of identify
 g - 19 scrolls of remove curse
 j - 8 scrolls of blinking
 m - a scroll of enchant armour
 o - 2 scrolls of acquirement
 p - 11 scrolls of teleportation
 A - 14 scrolls of fog
 B - 5 scrolls of magic mapping
 E - 8 scrolls of recharging
 K - 3 scrolls of amnesia
 P - 2 scrolls of brand weapon
 R - a scroll of silence
 X - a scroll of fear
Potions
 a - 2 potions of agility
 d - 6 potions of cure mutation
 e - 2 potions of magic
 r - 8 potions of curing
 z - 9 potions of haste
 C - 9 potions of might
 D - 3 potions of heal wounds
 F - a potion of cancellation
 H - 2 potions of resistance
 J - 5 potions of berserk rage
 W - a potion of brilliance
Books
 u - a book of Death

   Spells                             Type                      Level
   a - Corpse Rot                     Necromancy                   2
   b - Sublimation of Blood           Necromancy                   2
   c - Agony                          Necromancy                   5
   d - Dispel Undead                  Necromancy                   5
   e - Excruciating Wounds            Charms/Necromancy            5
   f - Bolt of Draining               Conjuration/Necromancy       5
 T - the Catalogue of Heat and Conjuration
   (You found it on level 1 of the Depths)

   Spells                             Type                      Level
   a - Ignite Poison                  Fire/Transmutation/Poison    3
   b - Lightning Bolt                 Conjuration/Air              5
   c - Bolt of Draining               Conjuration/Necromancy       5
   d - Poisonous Cloud                Conjuration/Poison/Air       6
Comestibles
 f - 31 bread rations
 h - 16 royal jellies
 i - 10 slices of pizza
 v - 19 beef jerkies
 w - 28 fruits
 x - 32 meat rations


   Skills:
 * Level 22.5 Fighting
 * Level 21.4 Maces & Flails
 * Level 22.7 Armour
 + Level 13.6 Dodging
 - Level 0.8 Stealth
 * Level 22.8 Shields
 + Level 12.2 Spellcasting
 + Level 12.9 Translocations
 - Level 9.2 Invocations


You had 48 spell levels left.
You knew the following spells:

 Your Spells              Type           Power        Failure   Level  Hunger
a - Blink                 Tloc           N/A          1%          2    None


Dungeon Overview and Level Annotations

Branches:
Dungeon (15/15)            Temple (1/1) D:5            Lair (6/6) D:10
  Swamp (4/4) Lair:4        Snake (4/4) Lair:2        Slime (0/5) Lair:5
    Orc (2/2) D:10            Elf (3/3) Orc:2        Vaults (5/5) D:13
  Crypt (0/3) Vaults:2     Depths (5/5) D:15            Zot (0/5) Depths:5

Altars:
Ashenzari
Cheibriados
Dithmenos
Elyvilon
Fedhas
Gozag
Hepliaklqana
Kikubaaqudgha
Makhleb
Nemelex Xobeh
Okawaru
Qazlal
Ru
Sif Muna
Trog
Uskayaw
Vehumet
Xom
Yredelemnul
Zin
The Shining One
Beogh

Shops:
D:8 [   D:11 [   Orc:1 !   Orc:2 :[[(   Elf:3 [   Snake:1 =}=(   Vaults:1 *
Vaults:3 %?   Vaults:5 *   Depths:3 ([*   Depths:4 ?*

Portals:
Hell: Lair:6 Depths:1 Depths:3 Depths:4 Depths:5
Abyss: Depths:2 Depths:3 Depths:4
Pandemonium: Depths:2 Depths:3
Ziggurat: Depths:5

Annotations:
Lair:6 exclusion: oklob plant


Innate Abilities, Weirdness & Mutations

You are resistant to torment.
Your stone body is resilient. (AC +20)
You are immune to poison.
Your large and strong wings let you fly indefinitely.
You resist negative energy. (rN+)
You are resistant to electric shocks. (rElec)
You can survive without breathing.
You are immune to petrification.
You are immune to rotting.
You are surrounded by a mild repulsion field. (EV +2)
You are partially covered in yellow scales. (AC +2)
You are agile. (Dex +2)
Your body sometimes deteriorates upon taking damage.
You are dopey. (Int -2)
Your magical capacity is low. (-10% MP)
You occasionally shout uncontrollably at your foes.
You are covered in fur. (AC +1)
You regenerate slowly when monsters are visible.
You are weak. (Str -2)
You expend magic power (3 MP) to strengthen your wands.


Message History

You feel much better.
The daeva calls down the wrath of Zin upon you.
Zin smites you!
* * * LOW HITPOINT WARNING * * *
You block the daeva's attack. x2
You feel much better.
The daeva calls down the wrath of Zin upon you.
Zin smites you!
* * * LOW HITPOINT WARNING * * *
The daeva calls down the wrath of Zin upon you.
Zin smites you!
* * * LOW HITPOINT WARNING * * *
A daeva comes into view.
It is wielding a scimitar of holy wrath.
You shout at the daeva!
Casting: Blink
Confirm with . or Enter, or press ? or * to list all spells.
You blink.
The daeva calls down the wrath of Zin upon you.
Zin smites you!
You die...

##..................####
#..#.##############....#####
#...## #.#).....# ##..###
#.##...... ##...##(. #........#
#....##... ..# ###########...
##....##.....A...#A#.#.#.#.#.#.
#.....#.._...###.')§.......'...
#.....##.....A@..#A#.#.#.#.#.#.
#...).##......##############...
##.....##[..... #..(.((..#
#...#..###..#.. #.##...([.
#..##...### ... #.#......)
##..##..#.##############....####.
≈...........................# ##
≈≈≈........##...............#
≈≈≈≈≈.....####.........##...##


You could see 2 daevas.

Vanquished Creatures
  5 pandemonium lords (Pan)
  A seraph (Pan)
  2 juggernauts (Depths:4)
  The ghost of Banquo the Stormcaller, a veteran DgFE (Depths:3)
  Boris (thrice) (Vaults:2 Depths:4 Depths:5)
  Margery (Depths:4)
  the Lernaean hydra (Swamp:4)
  Nikola (Swamp:4)
  A pearl dragon (Pan)
  4 golden dragons
  the Enchantress (Depths:2)
  A bone dragon (Depths:5)
  Jorgrun (Swamp:2)
  3 Tzitzimimeh (Pan)
  A Brimstone Fiend (Pan)
  3 Ice Fiends (Pan)
  2 tentacled monstrosities
  2 Hell Sentinels (Pan)
  A quicksilver dragon (Vaults:5)
  3 liches
  2 deep elf blademasters
  3 titans (Vaults:5)
  4 deep elf master archers (Elf:3)
  4 sphinxes
  4 storm dragons
  An Executioner (Pan)
  5 tengu reavers
  2 shadow dragons
  Donald (Vaults:3)
  12 daevas (Pan)
  The ghost of falsifian the Eclecticist, an adept DECj of Qazlal (Elf:3)
  7 nagarajas
  8 fire giants
  4 frost giants
  Louise (Snake:1)
  10 deep elf sorcerers
  A draconian knight (Depths:5)
  Roxanne (Swamp:1)
  2 iron dragons (Vaults:5)
  4 black suns (Pan)
  2 orc warlords
  Aizul (Snake:4)
  9 balrugs
  An emperor scorpion (Depths:2)
  20 angels (Pan)
  18 vault wardens
  5 spriggan defenders (Depths:2)
  5 warmongers (Pan)
  2 cacodemons (Pan)
  8 deep elf elementalists (Elf:3)
  20 ironheart preservers
  9 reapers (Pan)
  12 ophanim (Pan)
  4 blood saints (Pan)
  17 stone giants
  19 very ugly things
  23 apis (Pan)
  12 deep elf demonologists
  A draconian caller (Depths:5)
  6 caustic shrike skeletons (Depths:2)
  3 corrupters (Pan)
  A black draconian (Depths:5)
  2 red draconians
  A dire elephant (Depths:2)
  A purple draconian (Depths:5)
  2 lorocyprocas (Pan)
  6 spark wasps (Depths:4)
  Azrael (Elf:1)
  2 yellow draconians (Depths:5)
  13 deep elf annihilators
  A merfolk javelineer (Depths:4)
  11 blizzard demons (Pan)
  5 green deaths (Pan)
  14 ettins
  A merfolk impaler (Depths:3)
  A minotaur (Lab)
  3 jiangshi (Depths:3)
  7 deep elf death magi
  10 fire dragons
  8 deep elf high priests
  39 vault guards
  8 great orbs of eyes
  22 yaktaur captains
  14 ice dragons
  27 hydras
  6 monstrous demonspawn (Pan)
  4 rakshasas
  21 naga warriors
  6 spriggan air magi
  2 hell beasts (Pan)
  9 anacondas
  2 ghost crabs
  8 death knights
  23 centaur warriors
  A queen ant (shapeshifter) (Vaults:5)
  27 dancing weapons
  4 alligators
  4 tengu warriors
  2 orc high priests
  14 death yaks
  2 vampire magi
  10 deep troll shamans
  20 ogre magi
  7 deep troll earth magi
  20 sun demons
  A hell hog (shapeshifter) (Depths:5)
  25 soul eaters (Pan)
  5 shock serpents
  43 spriggans
  7 naga sharpshooters
  8 spriggan berserkers
  34 deep elf knights
  5 hell knights (Depths:4)
  A shadow wraith (Vaults:3)
  A salamander mystic (Snake:3)
  17 large abominations
  6 skeletal warriors
  An iron troll (Depths:5)
  7 sixfirhies
  2 infernal demonspawn (Pan)
  6 glowing orange brains
  6 gelid demonspawn (Pan)
  8 hill giants
  5 unseen horrors
  11 torturous demonspawn (Pan)
  8 wizards
  3 flayed ghosts
  13 cherubim (Pan)
  8 swamp dragons
  26 deep elf archers
  9 shadow demons (Pan)
  9 spriggan druids
  3 small abominations
  25 deep trolls
  2 shambling mangroves (Swamp:3)
  10 naga ritualists
  22 ironbrand convokers
  A harpy (shapeshifter) (Elf:3)
  4 necromancers
  20 orc knights
  105 deep elf magi
  4 wolf spiders
  9 mana vipers
  4 phantasmal warriors
  7 orc sorcerers
  32 ugly things
  4 oklob plants
  9 salamanders
  2 manticores (Depths:2)
  A faun (shapeshifter) (Depths:5)
  4 elephants (Lair:3)
  Maurice (D:9)
  6 cyclopes
  35 black mambas
  2 rust devils
  8 guardian serpents
  2 black mambas (shapeshifter)
  A water nymph (shapeshifter) (Depths:3)
  A centaur zombie (D:15)
  An ice statue (D:11)
  8 orange demons
  25 naga magi
  9 smoke demons
  5 spectral swamp worms (Depths:5)
  14 vault sentinels
  2 torpor snails (Lair:3)
  A rime drake (shapeshifter) (Elf:2)
  2 gargoyles
  17 spiny frogs
  3 efreet (Depths:3)
  5 rime drakes
  2 kobold demonologists
  72 yaktaurs
  5 freezing wraiths
  11 komodo dragons
  6 hellwings
  7 ice devils
  A hellion (Pan)
  2 yaktaurs (shapeshifter)
  A komodo dragon (shapeshifter) (Vaults:3)
  4 demonic crawlers (Pan)
  A tormentor (Pan)
  13 red devils
  4 tengu conjurers
  A queen bee (Lair:4)
  A troll (shapeshifter) (Depths:4)
  A polar bear (shapeshifter) (Depths:4)
  3 jumping spiders (shapeshifter)
  A meliai (shapeshifter) (Vaults:1)
  16 trolls
  6 tyrant leeches
  6 meliai
  17 bog bodies
  A raiju (shapeshifter) (Depths:3)
  48 slime creatures
  21 hornets
  31 two-headed ogres
  A fire giant simulacrum (Vaults:3)
  10 hippogriffs
  9 blink frogs
  13 water elementals
  7 air elementals
  Sigmund (D:2)
  2 shadows
  A centaur simulacrum (D:14)
  27 yaks
  6 fire bats (D:11)
  4 wraiths
  15 ynoxinuls (Pan)
  The ghost of michaelg83 the Chopper, an amateur HOFi of Gozag (D:4)
  6 fire elementals
  A vampire (D:11)
  A human (shapeshifter) (Depths:4)
  17 humans (D:13)
  2 wyverns (D:13)
  2 hungry ghosts
  A hog (shapeshifter) (Depths:5)
  5 chaos spawn (Pan)
  A steam dragon (D:8)
  27 vampire mosquitoes
  6 basilisks
  8 neqoxecs (Pan)
  7 wargs
  11 swamp worms
  2 mottled dragons (Vaults:1)
  56 nagas
  20 insubstantial wisps
  13 water moccasins
  7 porcupines
  A floating eye (shapeshifter) (Vaults:5)
  2 soldier ants
  Duvessa (D:5)
  8 hell hounds
  5 ice beasts
  6 swamp drakes
  2 sky beasts
  56 orc warriors
  2 black bears
  4 ettin simulacra
  A necrophage (D:12)
  9 wolves
  63 ogres
  3 phantoms
  20 boggarts
  38 centaurs
  13 crocodiles
  3 big kobolds
  21 bullfrogs
  An elf zombie (Ossuary)
  2 wyvern zombies (D:13)
  3 earth elementals
  A deep troll simulacrum (Vaults:1)
  6 scorpions
  Dowan (D:5)
  43 killer bees
  6 crimson imps
  2 howler monkeys
  A jelly (shapeshifter) (Vaults:3)
  4 human zombies (Ossuary)
  6 hounds
  Crazy Yiuf (D:3)
  7 jellies
  21 orc priests
  2 bullfrog zombies
  15 orc wizards
  3 bullfrog skeletons
  5 centaur skeletons
  An iguana (D:13)
  7 hell rats (Lair:3)
  9 worker ants
  A big kobold zombie (Ossuary)
  4 mummies (Ossuary)
  Robin (D:3)
  2 howler monkey skeletons
  22 adders
  A river rat (Lair:4)
  5 shadow imps
  An ooze (D:7)
  2 worms
  A dart slug (D:3)
  5 leopard geckos
  53 orcs
  6 bats
  17 giant cockroaches
  19 goblins
  10 hobgoblins
  4 jackals (D:2)
  20 kobolds
  6 quokkas
  7 ball pythons
  16 frilled lizards
  2 gnoll zombies (Ossuary)
  3 jackal zombies (Ossuary)
  A kobold zombie (Ossuary)
  A leopard gecko skeleton (D:7)
  A quokka zombie (D:6)
  7 rats
  A crawling corpse (Elf:3)
  A plant (D:10)
2592 creatures vanquished.

Vanquished Creatures (others)
  Asterion (Elf:2)
  An ironheart preserver (Vaults:5)
  An ogre mage (Vaults:4)
  A slime creature (Depths:1)
  2 swamp dragons (Swamp:4)
  A necromancer (D:13)
  A deep elf mage (Vaults:4)
  2 naga magi (Snake:4)
  An air elemental (Elf:1)
  A ynoxinul (Pan)
  A water elemental (Elf:2)
  A chaos spawn (Pan)
  An orc warrior (D:7)
  3 swamp drakes (Swamp:4)
  An ogre (D:7)
  3 boggarts
  2 howler monkeys (D:7)
  A hound (D:7)
  An orc wizard (D:7)
  A white imp (Pan)
  A ball lightning (Pan)
  An orc (Vaults:5)
  A bush (Depths:2)
  A crawling corpse (Elf:3)
  6 fungi (Swamp:4)
  28 plants
65 creatures vanquished.

Grand Total: 2657 creatures vanquished

Notes
Turn   | Place    | Note
-------+----------+-------------------------------------------
     0 | D:1      | JeffiDaFish the Gargoyle Fighter began the quest for the Orb.
     0 | D:1      | Reached XP level 1. HP: 14/14 MP: 1/1
   191 | D:1      | Reached XP level 2. HP: 18/19 MP: 2/2
   347 | D:1      | Gained mutation: You are surrounded by a mild repulsion field. (EV +2) [potion of beneficial mutation]
   348 | D:1      | Gained mutation: Your flesh is heat resistant. (rF+) [potion of beneficial mutation]
   499 | D:1      | Reached XP level 3. HP: 17/23 MP: 3/3
  1045 | D:2      | Noticed Sigmund
  1052 | D:2      | Killed Sigmund
  1052 | D:2      | Reached skill level 1 in Dodging
  1052 | D:2      | Reached XP level 4. HP: 12/29 MP: 4/4
  1052 | D:2      | Reached XP level 5. HP: 14/33 MP: 5/5
  1382 | D:2      | Lost mutation: You are surrounded by a mild repulsion field. (EV +2) [potion of cure mutation]
  1382 | D:2      | Lost mutation: Your flesh is heat resistant. (rF+) [potion of cure mutation]
  1404 | D:2      | Reached skill level 5 in Shields
  1479 | D:2      | Reached XP level 6. HP: 38/38 MP: 6/6
  1847 | D:3      | Found a sparkling altar of Nemelex Xobeh.
  2036 | D:3      | Found a runed door.
  2053 | D:3      | Noticed Crazy Yiuf
  2064 | D:3      | Killed Crazy Yiuf
  2438 | D:3      | Noticed Robin
  2471 | D:3      | Killed Robin
  2919 | D:4      | Got a blackened large shield
  2930 | D:4      | Identified the +0 large shield "Wypluliw" {rPois Regen+ Str+4 Slay+3} (You found it on level 4 of the Dungeon)
  2984 | D:4      | Noticed michaelg83's ghost (amateur HOFi)
  2995 | D:4      | Killed michaelg83's ghost
  2995 | D:4      | Reached XP level 7. HP: 30/42 MP: 7/7
  3408 | D:4      | Reached skill level 5 in Maces & Flails
  3408 | D:4      | Reached skill level 5 in Armour
  3502 | D:5      | Entered Level 5 of the Dungeon
  3788 | D:5      | Gained mutation: You are surrounded by a mild repulsion field. (EV +2) [potion of beneficial mutation]
  3789 | D:5      | Gained mutation: You are covered in fur. (AC +1) [potion of beneficial mutation]
  3837 | D:5      | Found a staircase to the Ecumenical Temple.
  3849 | Temple   | Entered the Ecumenical Temple
  3950 | Temple   | Became a worshipper of Warmaster Okawaru
  4080 | D:5      | Found a sand-covered staircase.
  4087 | Ossuary  | Entered an ossuary
  4099 | Ossuary  | Reached XP level 8. HP: 48/48 MP: 8/8
  4325 | D:5      | Noticed Duvessa
  4325 | D:5      | Noticed Dowan
  4331 | D:5      | Killed Dowan
  4337 | D:5      | Killed Duvessa
  4337 | D:5      | Reached * piety under Okawaru
  5272 | D:6      | Found a glowing drain.
  5299 | Sewer    | Entered a sewer
  5553 | Sewer    | Identified the +1 falchion "Tozaump" {slice, rC+ SInv} (You found it in a sewer)
  5555 | Sewer    | Identified the Incunabulum of Enchanting Sinister Rituals
  5854 | D:7      | Reached ** piety under Okawaru
  5854 | D:7      | Reached XP level 9. HP: 52/52 MP: 9/9
  5896 | D:7      | Found a shimmering altar of Xom.
  5976 | D:7      | Reached skill level 5 in Fighting
  6325 | D:8      | Noticed a gargoyle
  6341 | D:8      | Killed a gargoyle
  6426 | D:8      | Reached *** piety under Okawaru
  6447 | D:8      | Found Regak's Armour Shop.
  6902 | D:8      | Bought a +4 plate armour of cold resistance for 600 gold pieces
  7070 | D:9      | Reached skill level 1 in Invocations
  7151 | D:9      | Noticed Maurice
  7158 | D:9      | Killed Maurice
  7158 | D:9      | Reached XP level 10. HP: 59/60 MP: 9/11
  7287 | D:9      | Reached **** piety under Okawaru
  7647 | D:9      | Noticed a purple ugly thing
  7658 | D:9      | Killed a purple ugly thing
  7708 | D:10     | Entered Level 10 of the Dungeon
  7710 | D:10     | Found a staircase to the Orcish Mines.
  7821 | D:10     | Noticed an oklob plant
  7826 | D:10     | Found a staircase to the Lair.
  8114 | D:10     | Reached ***** piety under Okawaru
  8286 | D:10     | Received a gift from Okawaru
  8286 | D:10     | Reached skill level 10 in Shields
  8363 | D:10     | Noticed a hill giant
  8372 | D:10     | Killed a hill giant
  8514 | D:10     | Killed an oklob plant
  8514 | D:10     | Reached XP level 11. HP: 68/68 MP: 13/13
  8569 | Lair:1   | Entered Level 1 of the Lair of Beasts
  8581 | Lair:1   | Noticed a five-headed hydra
  8599 | Lair:1   | Killed a five-headed hydra
  9390 | Lair:2   | Noticed an ice dragon
  9410 | Lair:2   | Killed an ice dragon
  9750 | Lair:2   | Noticed a five-headed hydra
  9763 | Lair:2   | Killed a five-headed hydra
  9790 | Lair:2   | Found a staircase to the Snake Pit.
  9813 | Lair:2   | Reached XP level 12. HP: 75/75 MP: 15/15
  9973 | Lair:2   | Found a dark tunnel.
  9986 | Volcano  | Entered a volcano
 10035 | Volcano  | Noticed a centaur warrior
 10048 | Volcano  | Killed a centaur warrior
 10048 | Volcano  | Reached ****** piety under Okawaru
 10098 | Volcano  | Noticed a red draconian
 10118 | Volcano  | Killed a red draconian
 10118 | Volcano  | Received a gift from Okawaru
 10118 | Volcano  | Reached skill level 10 in Armour
 10118 | Volcano  | Reached skill level 5 in Invocations
 10585 | Lair:3   | Reached skill level 5 in Dodging
 10588 | Lair:3   | Reached skill level 10 in Maces & Flails
 10657 | Lair:3   | Noticed a death yak
 10683 | Lair:3   | Killed a death yak
 10685 | Lair:3   | Found a labyrinth entrance.
 10714 | Lab      | Entered a labyrinth
 10917 | Lab      | Noticed a minotaur
 10928 | Lab      | Killed a minotaur
 10936 | Lab      | Identified Bautem's Guide on the Dusty Volcanoes
 11092 | Lair:3   | Noticed an eight-headed hydra
 11102 | Lair:3   | Killed an eight-headed hydra
 11408 | Lair:3   | Reached skill level 10 in Fighting
 11417 | Lair:3   | Gained mutation: You are partially covered in yellow scales. (AC +2) [potion of mutation]
 11417 | Lair:3   | Gained mutation: You expend magic power (3 MP) to strengthen your wands. [potion of mutation]
 11417 | Lair:3   | Gained mutation: You are dopey. (Int -2) [potion of mutation]
 11467 | Lair:3   | Found a snail-covered altar of Cheibriados.
 11695 | Lair:3   | Reached XP level 13. HP: 82/82 MP: 17/17
 11905 | Lair:4   | Found a staircase to the Swamp.
 11968 | Lair:4   | Received a gift from Okawaru
 11979 | Lair:4   | Got an encrusted flail {god gift}
 11980 | Lair:4   | Identified the +7 flail "Yggoxza" {antimagic, Int-2 Dex+7} (Okawaru gifted it to you on level 4 of the Lair of Beasts)
 12268 | Lair:4   | Received a gift from Okawaru
 12273 | Lair:4   | Got a crystal demon whip {god gift}
 12274 | Lair:4   | Identified the +6 demon whip of the Gloaming {venom, rC+} (Okawaru gifted it to you on level 4 of the Lair of Beasts)
 12848 | Lair:5   | Found a staircase to the Slime Pits.
 13411 | Lair:6   | Entered Level 6 of the Lair of Beasts
 13531 | Lair:6   | Received a gift from Okawaru
 13572 | Lair:6   | Gained mutation: Your large and strong wings let you fly indefinitely. [Gargoyle growth]
 13572 | Lair:6   | Reached XP level 14. HP: 64/90 MP: 12/19
 14131 | Lair:6   | Received a gift from Okawaru
 14140 | Lair:6   | Identified the +2 helmet of Moqih {rF+ Dex+4} (Okawaru gifted it to you on level 6 of the Lair of Beasts)
 14186 | Lair:6   | Found a burning altar of Makhleb.
 14299 | Lair:6   | Found a gateway to Hell.
 14854 | D:11     | Noticed a fire giant
 14886 | D:11     | Killed a fire giant
 15351 | D:11     | Found Faguon's Antique Armour Boutique.
 15366 | D:11     | Bought a pair of runed gloves for 336 gold pieces
 15768 | D:12     | Received a gift from Okawaru
 15778 | D:12     | Identified the +0 helmet of Fortification {rElec Regen+ rCorr Int+3} (Okawaru gifted it to you on level 12 of the Dungeon)
 16052 | D:12     | Reached XP level 15. HP: 96/96 MP: 21/21
 16333 | D:12     | Identified the +2 plate armour of Paoheimi {Dex+3} (You found it on level 12 of the Dungeon)
 17119 | D:13     | Received a gift from Okawaru
 17166 | D:13     | Identified the +7 morningstar "Xuebuvie" {freeze, Dex+4} (Okawaru gifted it to you on level 13 of the Dungeon)
 17205 | D:13     | Found a gate to the Vaults.
 17683 | D:14     | Found a sacrificial altar of Ru.
 18633 | D:15     | Entered Level 15 of the Dungeon
 18643 | D:15     | Received a gift from Okawaru
 18646 | D:15     | Identified the +3 flail "Wakiteq" {protect, Dex+2} (Okawaru gifted it to you on level 15 of the Dungeon)
 19274 | D:15     | Reached XP level 16. HP: 104/104 MP: 22/22
 19512 | D:15     | Found a staircase to the Depths.
 19738 | Orc:1    | Entered Level 1 of the Orcish Mines
 19955 | Orc:2    | Entered Level 2 of the Orcish Mines
 20025 | Orc:2    | Found a staircase to the Elven Halls.
 20092 | Orc:2    | Paralysed by an orc sorcerer for 2 turns
 20140 | Orc:2    | Found Kaygoe's Armour Shoppe.
 20168 | Orc:2    | Received a gift from Okawaru
 20168 | Orc:2    | Reached skill level 15 in Shields
 20223 | Orc:2    | Paralysed by an orc sorcerer for 2 turns
 20293 | Orc:2    | Found Ifecs's Book Emporium.
 20293 | Orc:2    | Found Umyfor's Weapon Shop.
 20310 | Orc:2    | Found Cuecungi's Armour Shoppe.
 20338 | Orc:2    | Bought a book of Spatial Translocations for 780 gold pieces
 20346 | Orc:2    | Learned a level 2 spell: Blink
 20697 | Orc:1    | Found Hyf Gyon's Distillery.
 20708 | Orc:1    | Bought a potion of might for 60 gold pieces
 21226 | Swamp:1  | Entered Level 1 of the Swamp
 21226 | Swamp:1  | Noticed Roxanne
 21248 | Swamp:1  | Killed Roxanne
 21267 | Swamp:1  | Identified Roxanne's Volume of Clay (You took it off Roxanne on level 1 of the Swamp)
 21443 | Swamp:1  | Reached skill level 1 in Translocations
 21469 | Swamp:1  | Received a gift from Okawaru
 21622 | Swamp:1  | Reached skill level 1 in Spellcasting
 21991 | Swamp:2  | Noticed Jorgrun
 22042 | Swamp:2  | Gained mutation: You evolve. [potion of beneficial mutation]
 22302 | Swamp:2  | Received a gift from Okawaru
 22319 | Swamp:2  | Killed Jorgrun
 22738 | Swamp:3  | Reached XP level 17. HP: 110/110 MP: 23/23
 23079 | Swamp:4  | Entered Level 4 of the Swamp
 23286 | Swamp:4  | Noticed Nikola
 23333 | Swamp:4  | Killed Nikola
 23337 | Swamp:4  | Reached skill level 15 in Armour
 23409 | Swamp:4  | Received a gift from Okawaru
 23510 | Swamp:4  | Noticed the 27-headed Lernaean hydra
 23519 | Swamp:4  | Killed the 27-headed Lernaean hydra
 23524 | Swamp:4  | Got a decaying rune of Zot
 23896 | Snake:1  | Entered Level 1 of the Snake Pit
 23971 | Snake:1  | Found Nocaiv's Jewellery Boutique.
 23973 | Snake:1  | Found Zexaurri's Gadget Emporium.
 23974 | Snake:1  | Found Dijeahot's Jewellery Boutique.
 24040 | Snake:1  | Found Heqaulyp's Antique Weapon Shop.
 24151 | Snake:1  | Noticed Louise
 24172 | Snake:1  | Killed Louise
 24650 | Snake:2  | Received a gift from Okawaru
 24772 | Snake:2  | Reached XP level 18. HP: 113/117 MP: 24/24
 25038 | Snake:2  | Gained mutation: Your muscles are strong. (Str +2) [evolution]
 25038 | Snake:2  | Lost mutation: You evolve. [end of evolution]
 25720 | Snake:3  | Reached skill level 15 in Fighting
 25897 | Snake:3  | Got a shimmering steel ring
 25899 | Snake:3  | Identified the ring "Camuu" {Ice +Fly} (You found it on level 3 of the Snake Pit)
 26330 | Snake:3  | Received a gift from Okawaru
 26439 | Snake:4  | Entered Level 4 of the Snake Pit
 26779 | Snake:4  | Noticed Aizul
 26791 | Snake:4  | Killed Aizul
 27100 | Snake:4  | Reached skill level 15 in Maces & Flails
 27123 | Snake:4  | Reached skill level 5 in Spellcasting
 27141 | Snake:4  | Received a gift from Okawaru
 27231 | Snake:4  | Reached XP level 19. HP: 90/124 MP: 24/26
 27249 | Snake:4  | Identified the +7 morningstar of Indomitability {freeze, rElec Stlth+} (Okawaru gifted it to you on level 4 of the Snake Pit)
 27296 | Snake:4  | Reached skill level 5 in Translocations
 27347 | Snake:4  | Got a serpentine rune of Zot
 27721 | Vaults:1 | Entered Level 1 of the Vaults
 27749 | Vaults:1 | Received a gift from Okawaru
 27963 | Vaults:1 | Paralysed by a great orb of eyes for 3 turns
 28144 | Vaults:1 | Found Axzuger's Assorted Antiques.
 29152 | Vaults:2 | Noticed a Tzitzimitl
 29201 | Vaults:2 | Found a staircase to the Crypt.
 29252 | Vaults:2 | Received a gift from Okawaru
 29280 | Vaults:2 | Got a brightly glowing cloak {god gift}
 29291 | Vaults:2 | Identified the +0 cloak of the Failed Coup {Slay+2} (Okawaru gifted it to you on level 2 of the Vaults)
 29335 | Vaults:2 | Noticed Boris
 29354 | Vaults:2 | Killed Boris
 29557 | Vaults:2 | Reached XP level 20. HP: 132/132 MP: 29/29
 30703 | Vaults:3 | Received a gift from Okawaru
 31055 | Vaults:3 | Found Faec Ceu's Food Shop.
 31172 | Vaults:3 | Found a sparkling altar of Nemelex Xobeh.
 31181 | Vaults:3 | Noticed Donald
 31243 | Vaults:3 | Received a gift from Okawaru
 31301 | Vaults:3 | Cast into level 2 of the Abyss (orc knight)
 31301 | Abyss:2  | Found a corrupted altar of Lugonu.
 31312 | Vaults:3 | Escaped the Abyss
 31360 | Vaults:3 | Killed Donald
 31360 | Vaults:3 | Reached skill level 10 in Dodging
 31540 | Vaults:3 | Identified the +8 eveningstar "Paloph" {drain, rF++} (Okawaru gifted it to you on level 3 of the Vaults)
 31928 | Vaults:3 | Reached XP level 21. HP: 131/139 MP: 31/31
 32300 | Vaults:3 | Received a gift from Okawaru
 32357 | Vaults:3 | Found Ysuss's Magic Scroll Shop.
 32365 | Vaults:3 | Bought a scroll of enchant armour for 165 gold pieces
 32877 | Vaults:4 | Received a gift from Okawaru
 33535 | Vaults:4 | Found a roughly hewn altar of Beogh.
 33561 | Vaults:4 | Received a gift from Okawaru
 33823 | Vaults:4 | Received a gift from Okawaru
 33896 | Vaults:5 | Entered Level 5 of the Vaults
 34156 | Vaults:5 | Reached XP level 22. HP: 146/146 MP: 29/33
 34412 | Vaults:5 | Noticed a golden dragon
 34600 | Vaults:5 | Received a gift from Okawaru
 34620 | Vaults:5 | Got a silver rune of Zot
 34685 | Vaults:5 | Noticed a golden dragon
 34839 | Vaults:5 | Received a gift from Okawaru
 35550 | Vaults:5 | Identified a scroll of acquirement
 35551 | Vaults:5 | Got an ancient jade ring
 35553 | Vaults:5 | Identified the ring "Eschamer" {rPois rF+ rC+ MP+9} (You acquired it on level 5 of the Vaults)
 35630 | Vaults:5 | Killed a golden dragon
 35640 | Vaults:5 | Killed a golden dragon
 35640 | Vaults:5 | Reached XP level 23. HP: 151/153 MP: 35/35
 35747 | Vaults:5 | Noticed a golden dragon
 35764 | Vaults:5 | Killed a golden dragon
 35809 | Vaults:5 | Received a gift from Okawaru
 35943 | Vaults:5 | Identified the +1 pair of boots "Pyurphubi" {Regen+ Int+4} (You found it on level 5 of the Vaults)
 36294 | Vaults:5 | Found Furir's Assorted Antiques.
 36551 | Elf:1    | Entered Level 1 of the Elven Halls
 36826 | Depths:1 | Entered Level 1 of the Depths
 37054 | Depths:1 | Identified the Catalogue of Heat and Conjuration
 37936 | Depths:2 | Received a gift from Okawaru
 37982 | Depths:2 | Noticed the Enchantress
 38008 | Depths:2 | Killed the Enchantress
 38431 | Depths:2 | Found a one-way gate leading to the halls of Pandemonium.
 38497 | Depths:2 | Found a bloodstained altar of Trog.
 38635 | Depths:2 | Received a gift from Okawaru
 38869 | Depths:2 | Reached XP level 24. HP: 136/160 MP: 36/36
 38889 | Depths:2 | Found a one-way gate to the infinite horrors of the Abyss.
 39445 | Depths:3 | Received a gift from Okawaru
 39658 | Depths:3 | Found Xiduyrgh's General Store.
 39658 | Depths:3 | Found Musemp's Antique Armour Shop.
 39662 | Depths:3 | Found Ceebb's Weapon Boutique.
 39702 | Depths:3 | Noticed Banquo's ghost (veteran DgFE)
 39751 | Depths:3 | Killed Banquo's ghost
 39853 | Depths:3 | Reached skill level 10 in Translocations
 40128 | Depths:3 | Received a gift from Okawaru
 40644 | Depths:4 | Noticed Margery
 40674 | Depths:4 | Killed Margery
 40841 | Depths:4 | Found Xuxkuco's General Store.
 40841 | Depths:4 | Found Luacw's Magic Scroll Boutique.
 40959 | Depths:4 | Noticed Boris
 40982 | Depths:4 | Killed Boris
 41085 | Depths:4 | Noticed a juggernaut
 41099 | Depths:4 | Killed a juggernaut
 41099 | Depths:4 | Received a gift from Okawaru
 41176 | Depths:4 | Noticed a juggernaut
 41200 | Depths:4 | Killed a juggernaut
 41363 | Depths:4 | Reached XP level 25. HP: 168/168 MP: 36/36
 41647 | Depths:5 | Entered Level 5 of the Depths
 41801 | Depths:5 | Received a gift from Okawaru
 41961 | Depths:5 | Found a gateway to a ziggurat.
 42180 | Depths:5 | Found a gate to the Realm of Zot.
 42310 | Depths:5 | Reached skill level 10 in Spellcasting
 42357 | Depths:5 | Noticed Boris
 42387 | Depths:5 | Killed Boris
 42387 | Depths:5 | Received a gift from Okawaru
 42591 | Depths:5 | Received a gift from Okawaru
 43176 | Elf:1    | Noticed Azrael
 43200 | Elf:1    | Killed Azrael
 44233 | Elf:2    | Found a gateway to a bazaar.
 44339 | Bazaar   | Entered a bazaar
 44342 | Bazaar   | Found Wudu's Armour Boutique.
 44346 | Bazaar   | Bought the +4 robe of Augmentation {Str+4 Int+4 Dex+4} for 846 gold pieces
 44367 | Bazaar   | Found Qehosum's Jewellery Boutique.
 44367 | Bazaar   | Found Kulenax's Distillery.
 44368 | Bazaar   | Found Duti's Antique Weapon Boutique.
 44383 | Bazaar   | Bought a potion of curing for 36 gold pieces
 44383 | Bazaar   | Bought a potion of curing for 36 gold pieces
 44383 | Bazaar   | Bought a potion of heal wounds for 60 gold pieces
 44780 | Elf:2    | Found a huge runed gate.
 44780 | Elf:2    | Found a huge runed gate.
 44780 | Elf:2    | Found a huge runed gate.
 44780 | Elf:2    | Found a huge runed gate.
 44780 | Elf:2    | Found a huge runed gate.
 44955 | Elf:2    | Reached XP level 26. HP: 175/175 MP: 37/37
 45144 | Elf:2    | Noticed Asterion
 45163 | Elf:2    | Killed Asterion
 45350 | Elf:3    | Entered Level 3 of the Elven Halls
 45409 | Elf:3    | Found Mesuoq's Antique Armour Shop.
 45484 | Elf:3    | Bought a brightly glowing cloak for 266 gold pieces
 45494 | Elf:3    | Identified the +0 cloak of Ereos {+Blink MR+ Str+3} (You bought it in a shop on level 3 of the Elven Halls)
 45697 | Elf:3    | Noticed falsifian's ghost (adept DECj)
 45727 | Elf:3    | Received a gift from Okawaru
 45738 | Elf:3    | Killed falsifian's ghost
 46289 | Elf:3    | Gained mutation: Your magical capacity is low. (-10% MP) [a neqoxec]
 46317 | Elf:3    | Got a glittering bronze amulet
 46532 | Elf:3    | Identified the amulet "Uzeavita" {+Rage Str+2} (You took it off a deep elf annihilator on level 3 of the Elven Halls)
 46553 | Elf:3    | Got a twitching ivory amulet
 46832 | Elf:3    | Got a transparent copper ring
 46926 | Elf:3    | Got a shimmering bone amulet
 47428 | Pan      | Entered Pandemonium
 47512 | Pan      | Received a gift from Okawaru
 47593 | Pan      | Gained mutation: Armour fits poorly on your strangely shaped body. [a cacodemon]
 47600 | Pan      | Gained mutation: Your body sometimes deteriorates upon taking damage. [a cacodemon]
 47611 | Pan      | Received a gift from Okawaru
 47735 | Pan      | Found an exit through the horrors of the Abyss.
 47930 | Pan      | Reached XP level 27. HP: 156/182 MP: 34/34
 48076 | Pan      | Noticed Wodicvyh the pandemonium lord
 48076 | Pan      | Identified the ring of Day {rPois rF+ EV+1 Int+4} (You took it off a deep elf annihilator on level 3 of the Elven Halls)
 48159 | Pan      | Killed Wodicvyh the pandemonium lord
 48167 | Pan      | Got a clouded pewter ring
 48261 | Pan      | Lost mutation: Armour fits poorly on your strangely shaped body. [a neqoxec]
 48666 | Pan      | Found an exit through the horrors of the Abyss.
 48894 | Pan      | Lost mutation: Your muscles are strong. (Str +2) [a cacodemon]
 48912 | Pan      | Noticed Xuinim the pandemonium lord
 48916 | Pan      | Gained mutation: You are agile. (Dex +2) [a neqoxec]
 48927 | Pan      | Gained mutation: You are weak. (Str -2) [a neqoxec]
 48932 | Pan      | Killed Xuinim the pandemonium lord
 48932 | Pan      | Received a gift from Okawaru
 48965 | Pan      | Gained mutation: You regenerate slowly when monsters are visible. [a neqoxec]
 49073 | Pan      | Gained mutation: You occasionally shout uncontrollably at your foes. [a neqoxec]
 49301 | Pan      | Got a pitted ivory ring
 49302 | Pan      | Identified the amulet "Anapleb" {Faith Fragile Dex+3 SInv} (You took it off a deep elf demonologist on level 3 of the Elven Halls)
 49303 | Pan      | Identified the amulet "Folowy" {Gourm -Tele +Fly MR+ SInv} (You found it on level 3 of the Elven Halls)
 49304 | Pan      | Identified the ring of Zuloas {rCorr rPois Str+5} (You took it off a red devil in Pandemonium)
 49305 | Pan      | Identified the ring of the Curious Spirits {+Fly rC+ rN++ Int+5 Dex-2} (You found it in Pandemonium)
 49465 | Pan      | Found an exit through the horrors of the Abyss.
 49734 | Pan      | Noticed Momati the pandemonium lord
 49761 | Pan      | Killed Momati the pandemonium lord
 50692 | Pan      | Found an exit through the horrors of the Abyss.
 51006 | Pan      | Noticed Lih Xori the pandemonium lord
 51037 | Pan      | Killed Lih Xori the pandemonium lord
 51461 | Pan      | Found an exit through the horrors of the Abyss.
 51635 | Pan      | Received a gift from Okawaru
 51856 | Pan      | Noticed Juffelan the pandemonium lord
 51875 | Pan      | Killed Juffelan the pandemonium lord
 53007 | Pan      | Found a white marble altar of Elyvilon.
 53599 | Pan      | Received a gift from Okawaru
 53719 | Pan      | Got a vibrating granite ring
 53724 | Pan      | Identified the ring of the Present {rC- rN++ Stlth-} (You took it off an angel in Pandemonium)
 53826 | Pan      | Noticed a seraph
 53855 | Pan      | Killed a seraph
 53932 | Pan      | Got a fine platinum amulet
 54014 | Pan      | Found a glowing golden altar of the Shining One.
 54057 | Pan      | Got a demonic rune of Zot
 54295 | Pan      | HP: 7/186 [daeva/divine providence (16)]
 54298 | Pan      | Found a glowing silver altar of Zin.
 54298 | Pan      | Killed from afar by a daeva

Skill      XL: |  1  2  3  4  5  6  7  8  9 10 11 12 13 14 15 16 17 18 19 20 21 22 23 24 25 26 27 |
---------------+----------------------------------------------------------------------------------+-----
Maces & Flails | 3 4 5 6 7 8 9 10 11 12 13 14 15 16 17 18 19 20 21 | 21.4
Armour         | 4 5 6 8 9 10 11 12 13 14 15 16 17 18 19 20 21 22 | 22.7
Dodging        | 1 2 3 4 5 6 7 8 9 10 11 12 13 | 13.6
Shields        | 4 5 6 8 9 10 11 12 14 15 16 17 18 19 20 21 22 | 22.8
Fighting       | 4 6 7 8 10 11 12 13 14 15 16 17 18 19 20 21 22 | 22.5
Invocations    | 1 3 4 5 7 8 9 |  9.2
Translocations | 2 3 4 6 8 9 10 11 12 | 12.9
Spellcasting   | 2 4 5 6 7 8 9 10 12 | 12.2
Stealth        | |  0.8

Action                   |  1- 3 |  4- 6 |  7- 9 | 10-12 | 13-15 | 16-18 | 19-21 | 22-24 | 25-27 || total
-------------------------+-------+-------+-------+-------+-------+-------+-------+-------+-------++-------
Melee: Flail             |   121 |   223 |    32 |       |   164 |       |       |       |       ||   540
       Whip              |       |       |   375 |   700 |    54 |       |       |       |       ||  1129
       Mace              |       |       |     2 |    23 |       |       |       |       |       ||    25
       Demon whip        |       |       |       |       |  1041 |       |       |       |       ||  1041
       Morningstar       |       |       |       |       |   252 |  1507 |  2180 |  2080 |  2649 ||  8668
       Eveningstar       |       |       |       |       |       |       |       |       |   736 ||   736
 Cast: Blink             |       |       |       |       |       |       |     1 |     3 |    18 ||    22
Invok: Heroism           |       |       |       |     1 |     2 |       |       |     1 |       ||     4
       Finesse           |       |       |       |       |     2 |     9 |    16 |    15 |    18 ||    60
 Abil: Fly               |       |       |       |       |     1 |       |       |     1 |     1 ||     3
       Stop Flying       |       |       |       |       |       |       |       |     1 |     1 ||     2
  Use: Potion            |     7 |     2 |     4 |     7 |     1 |     6 |     9 |     1 |    20 ||    57
       Scroll            |     5 |     3 |    11 |    14 |    15 |     6 |     9 |    12 |    29 ||   104
 Stab: Confused          |       |       |     1 |       |       |       |       |       |       ||     1
       Invisible         |       |       |       |       |       |     2 |       |       |       ||     2
       Distracted        |       |       |       |       |       |       |       |     1 |     1 ||     2
  Eat: Chunk             |       |     7 |    15 |    13 |    25 |    23 |    25 |    26 |    41 ||   175
       Royal jelly       |       |       |       |     1 |     1 |     2 |       |       |     2 ||     6
Armor: Scale mail        |    81 |    98 |   105 |       |       |       |       |       |       ||   284
       Plate armour      |       |       |    18 |   297 |   537 |   525 |   481 |   641 |   999 ||  3498
       Chain mail        |       |       |    13 |       |       |       |       |       |       ||    13
Dodge: Dodged            |    40 |    78 |   117 |   115 |   377 |   751 |   777 |  1033 |  1537 ||  4825
Block: Shield            |    77 |   119 |       |       |       |       |       |       |       ||   196
       Large shield      |       |     7 |   361 |   581 |  1469 |  1694 |  2217 |  2356 |  3570 || 12255
